 Dungeon Crawl Stone Soup version 0.30-a0-1075-gcd70e7a56d (webtiles) character file.

Game seed: 15231077510297757025

41 juan097 the Sneak (level 3, 0/14 HPs)
             Began as a Felid Venom Mage on Apr 14, 2023.
             Slain by an adder (4 damage)
             ... on level 2 of the Dungeon.
             The game lasted 00:02:45 (1485 turns).

juan097 the Sneak (Felid Venom Mage)                Turns: 1485, Time: 00:02:46

Health: 0/14       AC:  1    Str:  4    XL:     3   Next: 32%
Magic:  0/7        EV: 17    Int: 18    God:
Gold:   42         SH:  0    Dex: 16    Spells: 3/6 levels left
                                        Lives:  0   Deaths: 0

rFire   . . .      SeeInvis +    (weapon unavailable)
rCold   . . .      Faith    .    (shield unavailable)
rNeg    . . .      Spirit   .    (body armour unavailable)
rPois   .          Reflect  .    (helmet unavailable)
rElec   .          Rampage  .    (cloak unavailable)
rCorr   .                        (gloves unavailable)
Will    .....                    (boots unavailable)
Stlth   +++                      (no amulet)
HPRegen 0.22/turn                (no ring)
MPRegen 0.10/turn                (no ring)

@: lethally poisoned (0 -> -2), very slightly contaminated, quick
A: very small, claws 1, fangs 3, see invisible, speed 1, shaggy fur 1, stealthy
paws, no weapons or thrown items, no armour, multi-lived
a: no special abilities


You were on level 2 of the Dungeon.
You visited 1 branch of the dungeon, and saw 2 of its levels.

You collected 42 gold pieces.

Inventory:

Scrolls
 d - a scroll of noise {unknown}
 e - a scroll of teleportation {unknown}
Potions
 a - a potion of magic
 b - a potion of mutation {unknown}
 c - 2 potions of heal wounds {unknown}


   Skills:
 - Level 2.6 Dodging
 + Level 3.6 Stealth
 - Level 2.0 Spellcasting
 - Level 2.0 Transmutations
 + Level 0.8 Air Magic
 + Level 3.1 Poison Magic


You had 3 spell levels left.
You knew the following spells:

 Your Spells              Type           Power      Damage    Failure   Level
a - Sting                 Tmut/Pois      44%        1d5       6%          1
b - Poisonous Vapours     Pois/Air       18%        N/A       12%         2

Your spell library contained the following spells:

 Spells                   Type           Power      Damage    Failure   Level
 Slow                     Hex            4%         N/A       19%         1
 Mephitic Cloud           Conj/Pois/Air  6%         N/A       30%         3
 Confusing Touch          Hex            1%         N/A       47%         3
 Vampiric Draining        Necr           1%         2d6       47%         3
 Olgreb's Toxic Radiance  Pois           13%        N/A       43%         4


Dungeon Overview and Level Annotations

Branches:
Dungeon (2/15)

Altars:


Innate Abilities, Weirdness & Mutations

You have sharp claws.
You have razor-sharp teeth.
You have supernaturally acute eyesight. (SInv)
You cover ground quickly. (Speed+)
You are covered in fur. (AC +1)
Your paws help you pounce on unaware monsters.
You are incapable of wielding weapons or throwing items.
You cannot wear armour.
You gain extra lives every three experience levels.


Message History

Casting: Poisonous Vapours (safe; 12% risk of failure)
Confirm with . or Enter, or press ? or * to list all spells.
Aiming: Poisonous Vapours (safe; 12% risk of failure)
Press: ? - help, Dir - move target, f/p - adder
Aim: an adder (asleep) Poisonous vapours surround the adder!
The adder is poisoned.
The adder hisses angrily.
Casting: Poisonous Vapours (safe; 12% risk of failure)
Confirm with . or Enter, or press ? or * to list all spells.
Aiming: Poisonous Vapours (safe; 12% risk of failure)
Press: ? - help, Dir - move target, f/p - adder
Aim: an adder (lightly wounded, poisoned)
You miscast Poisonous Vapours.
Nothing appears to happen.
The sting misses the adder.
You miss the adder.
The adder is moderately wounded.
The adder closely misses you.
You miss the adder. Your bite misses the adder.
The adder is moderately wounded.
The adder closely misses you.
You closely miss the adder.
The adder is heavily wounded.
The adder misses you. The adder bites you.
You are poisoned.
The adder poisons you!
You miss the adder.
The adder is heavily wounded.
You feel sick.
The adder looks more healthy.
The adder bites you. The adder closely misses you.
You feel sick.
You are too injured to fight recklessly!
Casting: Sting (safe; 6% risk of failure)
Confirm with . or Enter, or press ? or * to list all spells.
Aiming: Sting (safe; 6% risk of failure)
Press: ? - help, Shift-Dir - straight line, f/p - adder
Aim: an adder (heavily wounded, 53% to hit)
The sting hits the adder.
The adder is poisoned.
The adder is severely wounded.
You feel sick. The adder bites you.
You die...

# #..#
##...##
###.# #..#
#...# #.#
...# +...+
#.# ....#
#...# #.#
##..# #...#
#.# ...#
#...# #.#
### #...#
#.# #...
#...#
####.#
..... #@..#
#..#.#
......#S..#
#..#..
.$....'...+
#..##.
......#...#
#.....
.....##...#
##<....
#...# #...#
##....†.
#### #...#
#.......
#...#
##......
#...#
##.....


You could see an adder (poisoned).

Vanquished Creatures
  An adder (D:2)
  3 dart slugs (D:1)
  7 bats
  2 endoplasms
  A giant cockroach (D:2)
  3 goblins
  2 hobgoblins
  2 jackals (D:1)
  A quokka (D:1)
  A ball python (D:1)
  2 rats (D:1)
25 creatures vanquished.

Notes
Turn   | Place    | Note
-------+----------+-------------------------------------------
     0 | D:1      | juan097 the Felid Venom Mage began the quest for the Orb.
     0 | D:1      | Reached XP level 1. HP: 7/7 MP: 4/4
   159 | D:1      | Reached XP level 2. HP: 11/11 MP: 4/6
   414 | D:1      | Learned a level 2 spell: Poisonous Vapours
  1107 | D:2      | Reached XP level 3. HP: 14/14 MP: 0/7
  1485 | D:2      | Slain by an adder

Illustrated notes

Levels and vault maps discovered:
D:1:      dpeg_arrival_long_road, layout_loops_ring
D:2:      kennysheep_six_static_rooms, layout_rooms

Skill      XL: |  1  2 |
---------------+-------+-----
Stealth        | 3 |  3.6
Poison Magic   | 3 |  3.1
Transmutations | 2 |  2.0
Dodging        | |  2.6
Spellcasting   | |  2.0
Air Magic      | |  0.8

Action                     || total
---------------------------++-------
  Melee: Unarmed           ||    18
         Bite              ||     1
   Cast: Sting             ||    27
         Poisonous Vapours ||    16
   Stab: Sleeping          ||     7
  Dodge: Dodged            ||    32

Table legend: (Time is in decaauts)
 A = Elapsed time spent in this place.
 B = Non-inter-level travel time spent in this place.
 C = Inter-level travel time spent in this place.
 D = Time resting spent in this place.
 E = Time spent auto-exploring this place.
 F = Levels seen in this place.
 G = Mean time per level.
                   A        B        C        D        E       F      G
               +--------+--------+--------+--------+--------+-----+--------+
         Total |   1313 |   1265 |     48 |      0 |   1054 |   2 |  656.5 |
       Dungeon |   1313 |   1265 |     48 |      0 |   1054 |   2 |  656.5 |
               +--------+--------+--------+--------+--------+-----+--------+

Top non-repeatable levels by time:
     D:1: 863 daAuts
     D:2: 450 daAuts
